 Dungeon Crawl Stone Soup version 0.31-a0-795-g5eb97db20b (webtiles) character file.

Game seed: 15628775077932551275

39 demibob the Poker (level 3, -3/29 HPs)
             Began as a Merfolk Chaos Knight on Sept 18, 2023.
             Was a Plaything of Xom.
             Slain by a goblin
             ... wielding a +0 club
             ... led by Robin
              (4 damage)
             ... on level 2 of the Dungeon.
             The game lasted 00:00:57 (465 turns).

demibob the Poker (Merfolk Chaos Knight)             Turns: 465, Time: 00:00:58

Health: -3/29      AC:  5    Str: 12    XL:     3   Next: 45%
Magic:  3/3        EV: 12    Int: 11    God:    Xom [..*...]
Gold:   20         SH:  0    Dex: 15    Spells: 2/2 levels left

rFire   . . .        a - +1 spear (chaos)
rCold   . . .        (no shield)
rNeg    . . .        b - +2 leather armour
rPois   .            (no helmet)
rElec   .            (no cloak)
rCorr   .            (no gloves)
SInv    .            (no boots)
Will    .....        (no amulet)
Stlth   +            (no ring)
HPRegen 0.24/turn    (no ring)
MPRegen 0.08/turn

%: no passive effects
@: mighty
A: (nimble swimmer 2), mertail
a: Renounce Religion


You were on level 2 of the Dungeon.
You worshipped Xom.
You were a toy of Xom.
You visited 1 branch of the dungeon, and saw 2 of its levels.

You collected 20 gold pieces.


Innate Abilities, Weirdness & Mutations

((You are very nimble when in or above water. (Stealth+, EV+, Speed+++)))
Your lower body shifts to a powerful aquatic tail in water.


   Skills:
 - Level 3.2 Fighting
 + Level 5.9 Polearms
 - Level 0.6 Armour
 - Level 2.6 Dodging


You had 2 spell levels left.
You didn't know any spells.
Your spell library contained the following spells:

 Spells                   Type           Power      Damage    Failure   Level
 Tukima's Dance           Hex            0%         N/A       80%         3
 Dimensional Bullseye     Hex/Tloc       0%         N/A       99%         4
 Iskenderun's Mystic Bla  Conj/Tloc      0%         2d3       99%         4

Inventory:

Hand Weapons
 a - a +1 spear of chaos (weapon)
Armour
 b - a +2 leather armour (worn)
Scrolls
 c - a scroll of butterflies

Dungeon Overview and Level Annotations

Branches:
Dungeon (2/15)

Altars:

# .# #.####
##...... #
##.....## ##.#
##...<...##
##...§###)........#
.....§§@g§........+
##...####.........#
## ##.......#
##<....## ##.[.##
##+##


You could see a goblin (strong).


Message History

You see here a +0 club.
You closely miss the goblin. Your punch misses the goblin.
The goblin hits you with a +0 club.
You puncture the goblin! You freeze the goblin.
You kill the goblin!
Robin throws the goblin at you!
You barely miss the goblin. The goblin closely misses you.
You completely miss Robin. Robin misses you.
The goblin hits you with a +0 club.
* * * LOW HITPOINT WARNING * * *
You emit a cloud of colourful smoke!
You completely miss Robin.
Robin hits you with a +0 dagger of holy wrath.
* * * LOW HITPOINT WARNING * * *
The goblin hits you with a +0 club.
* * * LOW HITPOINT WARNING * * *
You hit Robin.
Robin is moderately wounded.
Robin hits you but does no damage. The goblin closely misses you.
You puncture Robin! You freeze Robin.
Robin is almost dead.
You puncture Robin!
You kill Robin!
The goblin hits you with a +0 club.
* * * LOW HITPOINT WARNING * * *
You barely miss the goblin. The goblin hits you but does no damage.
You closely miss the goblin. The goblin hits you with a +0 club.
* * * LOW HITPOINT WARNING * * *
You miss the goblin. The goblin hits you with a +0 club.
You die...

Skill      XL: |  1  2 |
---------------+-------+-----
Polearms       | 5 |  5.9
Fighting       | |  3.2
Armour         | |  0.6
Dodging        | |  2.6

Action                     || total
---------------------------++-------
  Melee: Spear             ||    75
    Use: Scroll            ||     2
         Potion            ||     2
   Stab: Paralysed         ||     1
         Sleeping          ||     1
 Armour: Leather armour    ||    38
  Dodge: Dodged            ||    30

Levels and vault maps discovered:
D:1:      tarquinn_simple_flora_water_c, layout_basic
D:2:      layout_loops_corners, minmay_goblin_outpost, uniq_robin

Notes
Turn   | Place    | Note
-------+----------+-------------------------------------------
     0 | D:1      | demibob the Merfolk Chaos Knight began the quest for the
                  | Orb.
     0 | D:1      | Reached XP level 1. HP: 18/18 MP: 1/1
    42 | D:1      | XOM: silly message
    51 | D:1      | XOM: divination: detect items
   178 | D:1      | XOM: divination: detect creatures
   222 | D:1      | Reached XP level 2. HP: 24/24 MP: 2/2
   295 | D:1      | Reached skill level 5 in Polearms
   433 | D:2      | Noticed Robin
   449 | D:2      | Reached XP level 3. HP: 20/29 MP: 3/3
   458 | D:2      | XOM: smoke on damage
   462 | D:2      | Killed Robin
   464 | D:2      | HP: 1/29 [goblin/+0 club[Robin] (6)]
   465 | D:2      | Slain by a goblin

Vanquished Creatures
  Robin (D:2)
  2 giant cockroaches (D:1)
  8 goblins (D:2)
  2 hobgoblins
  2 jackals (D:1)
  3 quokkas (D:1)
  2 bats (D:1)
  A frilled lizard (D:1)
  3 kobolds (D:1)
  A rat (D:2)
25 creatures vanquished.

Vanquished Creatures (others)
  A goblin zombie (D:2)
1 creature vanquished.

Grand Total: 26 creatures vanquished

Table legend: (Time is in decaauts)
 A = Elapsed time spent in this place.
 B = Non-inter-level travel time spent in this place.
 C = Inter-level travel time spent in this place.
 D = Time resting spent in this place.
 E = Time spent auto-exploring this place.
 F = Levels seen in this place.
 G = Mean time per level.
                   A        B        C        D        E       F      G
               +--------+--------+--------+--------+--------+-----+--------+
         Total |    451 |    442 |      9 |      0 |    332 |   2 |  225.5 |
       Dungeon |    451 |    442 |      9 |      0 |    332 |   2 |  225.5 |
               +--------+--------+--------+--------+--------+-----+--------+

Top non-repeatable levels by time:
     D:1: 417 daAuts
     D:2: 34 daAuts

Table legend:
 A = Non-vault XP
 B = Vault XP
 C = Vault XP percentage of total XP
 D = Non-vault monster count
 E = Vault monster count
 F = Vault count percentage of total count
                 A         B        C        D         E       F
            +---------+---------+-------+---------+---------+-------
      Total |      23 |      33 |  58.9 |      15 |      10 |  40.0
            +---------+---------+-------+---------+---------+-------
        D:1 |      22 |       0 |   0.0 |      14 |       0 |   0.0
        D:2 |       1 |      33 |  97.1 |       1 |      10 |  90.9
            +---------+---------+-------+---------+---------+-------
